 Dungeon Crawl Stone Soup version 0.21.0-3-g78d12a8bdd (webtiles) character file.

662 NullDivider the Sneak (level 7, -4/45 HPs)
             Began as an Octopode Artificer on Jan 11, 2018.
             Was a Follower of Nemelex Xobeh.
             Slain by a hippogriff (8 damage)
             ... on level 5 of the Dungeon.
             The game lasted 00:20:38 (5751 turns).

NullDivider the Sneak (Octopode Artificer)          Turns: 5751, Time: 00:20:39

Health: -4/45      AC:  1    Str: 11    XL:     7   Next: 56%
Magic:  10/10      EV: 16    Int: 13    God:    Nemelex Xobeh [*.....]
Gold:   266        SH:  0    Dex: 15    Spells: 6/6 levels left

rFire    . . .     SeeInvis .   r - +0 dagger
rCold    . . .     Gourm    .   (no shield)
rNeg     . . .     Faith    .   (helmet restricted)
rPois    .         Spirit   .   (no amulet)
rElec    .         Reflect  .   (no ring)
rCorr    .         Harm     .   (no ring)
MR       .....                  (no ring)
Stlth    ++++......             (no ring)
HPRegen  0.15/turn              (no ring)
MPRegen  0.12/turn              (no ring)
                                (no ring)
                                (no ring)

@: no status effects
A: almost no armour, stealthy swim, amphibious, 8 rings, constrict 8, camouflage
1, gelatinous body 1
a: Renounce Religion


You were on level 5 of the Dungeon.
You worshipped Nemelex Xobeh.
Nemelex Xobeh was aware of your devotion.
You were hungry.

You visited 1 branch of the dungeon, and saw 5 of its levels.

You collected 266 gold pieces.

Inventory:

Hand Weapons
 r - a +0 dagger (weapon)
Wands
 b - a wand of flame (6)
 c - a wand of enslavement (7)
 d - a wand of random effects (40)
Scrolls
 e - 4 scrolls of identify {unknown}
 i - 6 scrolls of remove curse {unknown}
 j - 5 scrolls of teleportation {unknown}
 l - a scroll of random uselessness {unknown}
 m - a scroll of immolation {unknown}
 n - a scroll of fear {unknown}
 s - a scroll of enchant armour {unknown}
Potions
 a - 2 potions of degeneration {unknown}
 h - 2 potions of flight {unknown}
 k - a potion of lignification {unknown}
 o - a potion of cancellation {unknown}
 p - a potion of agility {unknown}
 q - a potion of resistance {unknown}
Miscellaneous
 g - a plain deck of destruction {drawn: 3}
Comestibles
 f - 11 rations


   Skills:
 + Level 2.9 Fighting
 + Level 3.0 Short Blades
 * Level 4.6 Dodging
 * Level 6.2 Stealth
 + Level 4.6 Evocations


You had 6 spell levels left.
You didn't know any spells.

Dungeon Overview and Level Annotations

Branches:
Dungeon (5/15)
 Temple: D:4-7

Altars:
Makhleb
Nemelex Xobeh
Ru
Trog
Uskayaw
The Shining One


Innate Abilities, Weirdness & Mutations

You cannot wear most types of armour.
You are very stealthy in the water. (Stealth+)
You are amphibious.
You can wear up to eight rings at the same time.
You can use your tentacles to constrict eight enemies at once.
Your skin changes colour to match your surroundings (Stealth+).
Your rubbery body absorbs attacks. (AC +1, EV +1)


Message History

The hippogriff bites you. The hippogriff pecks you. The hippogriff claws you.
* * * LOW HITPOINT WARNING * * *
You hit the hippogriff.
The hippogriff is almost dead.
You hit the hippogriff but do no damage.
You squeeze the hippogriff, but do no damage.
The hippogriff is almost dead.
The hippogriff misses you. x2; The hippogriff claws you!
* * * LOW HITPOINT WARNING * * *
The hippogriff is no longer covered in acid.
Evoke which item? (* to show all) (? for menu, Esc to quit)
Aiming: Enslavement
Press: ? - help, Shift-Dir - straight line, f/p - hippogriff
Aim: a hippogriff (almost dead, chance to defeat MR: 55%)
The hippogriff resists with significant effort.
The hippogriff bites you.
* * * LOW HITPOINT WARNING * * *
The hippogriff pecks you!
You die...
Your body glows slightly and disappears.

#...........##.##..........
#######.######.#####..#...#
#####.# #.(# #..#...#
#.....#######.####..#...#
#.....+.........##..#...#
#.....########..##......'
####### #..##.##...#
###########.##.######
#.oH@.......##.#
#.#########.##.####
#.#.....###.......#
#........###......###
##.......# #......'..
#<.....!# #......###
#...##### ##.....# # ....#
#.....# # .##.... #...#####


You could see a hippogriff and an orc.

Vanquished Creatures
  The ghost of Somebody the Purveyor of Pain, an amateur DEIE of Kikubaaqudgha (D:4)
  An orc priest (D:4)
  A centaur skeleton (D:4)
  2 iguanas
  Jessica (D:2)
  3 worker ants
  A hound skeleton (D:5)
  5 adders
  2 adder skeletons (D:4)
  4 worms
  2 dart slugs
  2 leopard geckos (D:5)
  6 orcs
  2 giant cockroaches
  16 goblins
  8 hobgoblins
  4 jackals (D:2)
  6 quokkas
  2 ball pythons
  4 bats
  4 frilled lizards (D:2)
  9 kobolds
  10 rats
96 creatures vanquished.

Vanquished Creatures (collateral kills)
  An orc (D:4)
1 creature vanquished.

Vanquished Creatures (others)
  2 ogres (D:5)
2 creatures vanquished.

Grand Total: 99 creatures vanquished

Notes
Turn   | Place    | Note
-------+----------+-------------------------------------------
     0 | D:1      | NullDivider the Octopode Artificer began the quest for the Orb.
     0 | D:1      | Reached XP level 1. HP: 13/13 MP: 3/3
    94 | D:1      | Reached XP level 2. HP: 14/18 MP: 4/4
   174 | D:1      | Reached skill level 2 in Stealth
   610 | D:1      | Reached XP level 3. HP: 23/23 MP: 5/5
  1037 | D:2      | Noticed Jessica
  1067 | D:2      | Killed Jessica
  1067 | D:2      | Reached skill level 3 in Stealth
  1067 | D:2      | Reached XP level 4. HP: 18/28 MP: 6/6
  1919 | D:2      | Found a glowing golden altar of the Shining One.
  2145 | D:2      | Noticed an ogre
  2152 | D:2      | HP: 1/29 [something (12)]
  2579 | D:2      | Found a hide-covered altar of Uskayaw.
  2579 | D:2      | Found a burning altar of Makhleb.
  2680 | D:3      | Reached XP level 5. HP: 30/34 MP: 7/7
  2903 | D:3      | Reached skill level 4 in Stealth
  3018 | D:3      | Found a sacrificial altar of Ru.
  3193 | D:4      | Found a sparkling altar of Nemelex Xobeh.
  3200 | D:4      | Became a worshipper of Nemelex Xobeh the Trickster
  3389 | D:4      | Received a gift from Nemelex Xobeh
  3438 | D:4      | Noticed Somebody's ghost (amateur DEIE)
  3444 | D:4      | Killed Somebody's ghost
  3444 | D:4      | Reached skill level 5 in Stealth
  3444 | D:4      | Reached XP level 6. HP: 40/40 MP: 9/9
  4149 | D:5      | Entered Level 5 of the Dungeon
  4151 | D:5      | Reached * piety under Nemelex Xobeh
  4540 | D:5      | Reached XP level 7. HP: 45/45 MP: 10/10
  5113 | D:5      | Reached skill level 6 in Stealth
  5472 | D:5      | Found a bloodstained altar of Trog.
  5652 | D:5      | Noticed a hippogriff
  5751 | D:5      | Slain by a hippogriff

Skill      XL: |  1  2  3  4  5  6  7 |
---------------+----------------------+-----
Stealth        | 2 3 5 6 |  6.2
Dodging        | 3 4 |  4.6
Short Blades   | 2 3 |  3.0
Fighting       | 2 |  2.9
Evocations     | 4 |  4.6

Action                   |  1- 3 |  4- 6 |  7- 9 || total
-------------------------+-------+-------+-------++-------
Melee: Short sword       |    63 |   111 |    35 ||   209
       Constrict         |    17 |    26 |    11 ||    54
       Tentacles         |    13 |    23 |     7 ||    43
       Dagger            |       |       |    11 ||    11
Evoke: Wand              |       |    11 |     7 ||    18
       Deck              |       |       |     3 ||     3
 Stab: Sleeping          |     7 |    12 |     1 ||    20
       Distracted        |       |     2 |       ||     2
  Eat: Chunk             |       |    10 |     4 ||    14
Armor: Skin              |     5 |     4 |     2 ||    11
Dodge: Dodged            |    27 |    54 |    36 ||   117
